 Dungeon Crawl Stone Soup version 0.22.1-2-g9c5b331383 (webtiles) character file.

262 Ihlosi the Cutter (level 6, -1/37 HPs)
             Began as a Kobold Gladiator on Dec 14, 2018.
             Slain by Pikel
             ... wielding a +0 whip of flaming
              (9 damage)
             ... on level 3 of the Dungeon.
             The game lasted 00:08:33 (3413 turns).

Ihlosi the Cutter (Kobold Gladiator)                Turns: 3413, Time: 00:08:34

Health: -1/37      AC:  6    Str: 13    XL:     6   Next: 42%
Magic:  6/6        EV: 17    Int:  9    God:
Gold:   112        SH:  0    Dex: 20    Spells: 5/5 levels left

rFire    + . .     SeeInvis +   a - +1 rapier
rCold    + . .     Gourm    .   (shield restricted)
rNeg     . . .     Faith    .   b - +0 leather armour
rPois    +         Spirit   .   e - +2 hat
rElec    +         Reflect  .   h - +0 cloak
rCorr    +         Harm     .   (no gloves)
MR       .....                  (no boots)
Stlth    +++.......             (no amulet)
HPRegen  0.12/turn              l - +3 ring of dexterity
MPRegen  0.10/turn              m - ring of see invisible

@: resistant
A: small, carnivore
a: no special abilities


You were on level 3 of the Dungeon.
You were very full.

You visited 1 branch of the dungeon, and saw 4 of its levels.

You collected 112 gold pieces.

Inventory:

Hand Weapons
 a - a +1 rapier (weapon)
Missiles
 d - 2 throwing nets (quivered)
Armour
 b - a +0 leather armour (worn)
 c - a +0 helmet
 e - a +2 hat (worn)
 h - a +0 cloak (worn)
 i - a +1 ring mail of positive energy
Jewellery
 l - a +3 ring of dexterity (left hand)
 m - a ring of see invisible (right hand)
Scrolls
 g - a scroll of remove curse
Comestibles
 f - 7 rations


   Skills:
 * Level 3.4 Fighting
 + Level 5.9 Short Blades
 - Level 2.1 Throwing
 * Level 1.9 Armour
 + Level 4.3 Dodging
 * Level 3.7 Stealth


You had 5 spell levels left.
You didn't know any spells.
Your spell library was empty.

Dungeon Overview and Level Annotations

Branches:
Dungeon (4/15)
 Temple: D:4-7

Altars:
Cheibriados
Uskayaw

Annotations:
D:3 Pikel


Innate Abilities, Weirdness & Mutations

You are small and have problems with some larger weapons.
You are carnivorous and can eat meat at any time.


Message History

You hit Pikel but do no damage.
Pikel is heavily wounded.
Pikel hits you with a whip of flaming.
* * * LOW HITPOINT WARNING * * *
You hit Pikel.
Pikel is heavily wounded.
You hit Pikel.
Pikel is severely wounded.
Pikel closely misses you.
You closely miss Pikel.
Pikel is severely wounded.
Pikel hits you but does no damage.
You hit Pikel.
Pikel is severely wounded.
Pikel hits you with a whip of flaming.
* * * LOW HITPOINT WARNING * * *
You closely miss Pikel.
Pikel is severely wounded.
Pikel hits you with a whip of flaming!
You die...

#.# #...###.......#.#### #.#
#...##......#.#.# #
#.########...##..##..#.#.# #
#.......##...##..##......####
#.#####.##.........#.#.....##
#####.#####.#######........#.#<##
.†....##....# #........#.....
#####.##.##.# #####........###.##
#.......###.@Kp....#p......#
####(...)[..##p.##.#..######
##.##[##[.##..##.#..#
##)..#.##..##.....p<.#
#....#..............##
#....####..######.###
#.#.####.....# #.# #.#..........#
#.#### #.######.....# #....#


You could see Pikel and 2 slaves.

Vanquished Creatures
  An orc wizard (D:3)
  Terence (D:2)
  An iguana (D:4)
  Robin (D:1)
  5 adders
  2 oozes
  2 worms
  2 dart slugs (D:1)
  5 leopard geckos
  15 orcs
  A ball python (D:4)
  3 giant cockroaches
  18 goblins
  6 hobgoblins
  3 jackals (D:4)
  6 kobolds
  A quokka (D:3)
  5 bats
  3 frilled lizards
  11 rats
92 creatures vanquished.

Notes
Turn   | Place    | Note
-------+----------+-------------------------------------------
     0 | D:1      | Ihlosi the Kobold Gladiator began the quest for the Orb.
     0 | D:1      | Reached XP level 1. HP: 12/12 MP: 1/1
    60 | D:1      | Reached XP level 2. HP: 16/17 MP: 2/2
   150 | D:1      | Reached skill level 1 in Stealth
   160 | D:1      | Reached XP level 3. HP: 18/22 MP: 3/3
   697 | D:2      | Noticed Robin
   926 | D:1      | Killed Robin
   926 | D:1      | Reached XP level 4. HP: 14/27 MP: 4/4
  1069 | D:2      | Reached skill level 1 in Armour
  1085 | D:2      | Reached skill level 5 in Short Blades
  1305 | D:2      | Noticed Terence
  1400 | D:2      | Found a snail-covered altar of Cheibriados.
  1775 | D:2      | Reached XP level 5. HP: 32/32 MP: 5/5
  2110 | D:2      | Killed Terence
  2482 | D:3      | Found a hide-covered altar of Uskayaw.
  2749 | D:3      | Reached XP level 6. HP: 26/37 MP: 6/6
  3100 | D:4      | Noticed Pikel
  3100 | D:4      | Noticed a slave
  3100 | D:4      | Noticed a slave
  3100 | D:4      | Noticed a slave
  3100 | D:4      | Noticed a slave
  3413 | D:3      | Slain by Pikel

Skill      XL: |  1  2  3  4  5 |
---------------+----------------+-----
Stealth        | 1 2 3 |  3.7
Dodging        | 4 |  4.3
Armour         | 1 |  1.9
Short Blades   | 5 |  5.9
Fighting       | 3 |  3.4
Throwing       | |  2.1

Action                   |  1- 3 |  4- 6 || total
-------------------------+-------+-------++-------
Melee: Rapier            |   124 |   210 ||   334
Throw: Throwing net      |       |     3 ||     3
  Use: Scroll            |       |     3 ||     3
       Potion            |       |     1 ||     1
 Stab: Sleeping          |       |    12 ||    12
       Held in net/web   |       |     1 ||     1
  Eat: Chunk             |     9 |     7 ||    16
Armor: Leather armour    |    27 |    36 ||    63
Dodge: Dodged            |    93 |   146 ||   239
